AoeStats
← eric05

Black Forest

510626256Analyzed
3v3 RM · 2d ago on Oct 1, 2026· 66m 22s· 6 players
Game mode
Random Map
Map size
Normal (6 player)
Population
200
Speed
Normal
Resources
Standard
Victory
Conquest
Starting age
Dark Age
Ending age
Imperial Age
RankedLock teamsTeams togetherTeam positionsShared explorationLock speedFull tech treeHidden civsTurbo modeCheats
Victory
Defeat
🇪🇸 Byzantines · Spain
1207
+19
🇪🇸 Danes · Spain
1193
+20
🇪🇸 Turks · Spain
1182
+20
🇵🇪 Inca · Peru
1331
-22
🇨🇭 Franks · Switzerland
1254
-19
🇫🇷 Vikings · France
1229
-18
HarryBo
9:10 Loom
12:10 Feudal Age
15:57 Castle Age
14:48 Double-Bit Axe
16:03 Wheelbarrow
17:06 Bow Saw
18:18 Hand Cart
18:11 Gold Mining
18:31 Stone Mining
26:40 Scale Barding Armor
28:12 Gold Shaft Mining
31:30 Imperial Age
29:22 Husbandry
29:56 Chain Barding Armor
29:47 Forging
32:04 Iron Casting
32:07 Town Watch
31:47 Cavalier
33:14 Plate Barding Armor
33:22 Paladin
35:53 Blast Furnace
34:54 Scale Mail Armor
36:10 Chivalry
36:15 Caravan
38:51 Squires
38:12 Pikeman
39:42 Conscription
38:50 Light Cavalry
39:12 Onager
42:01 Chain Mail Armor
41:37 Fletching
41:48 Padded Archer Armor
45:30 Coinage
49:34 Fortified Wall
50:25 Chemistry
49:31 Siege Engineers
49:36 Masonry
49:47 Ballistics
49:09 Treadmill Crane
49:02 Ordonnance Companies
49:03 Elite Throwing Axeman
57:18 Banking
Fantome69
6:19 Loom
10:49 Feudal Age
12:50 Double-Bit Axe
15:33 Castle Age
13:44 Horse Collar
16:53 Bow Saw
19:57 Heavy Plow
20:50 Gold Mining
23:30 Gold Shaft Mining
30:03 Imperial Age
27:42 Stone Mining
27:52 Fletching
27:37 Crossbowman
27:40 Elite Skirmisher
28:59 Bodkin Arrow
29:05 Padded Archer Armor
30:25 Leather Archer Armor
30:32 Ballistics
30:52 Bracer
30:14 Arbalester
31:14 Forging
31:04 Scale Mail Armor
31:37 Ring Archer Armor
31:39 Conscription
33:15 Iron Casting
32:56 Chain Mail Armor
32:28 Town Watch
35:24 Blast Furnace
34:55 Plate Mail Armor
35:05 Hoardings
34:33 Bogsveigar
35:14 Crop Rotation
35:45 Two-Man Saw
34:37 Treadmill Crane
35:07 Masonry
35:58 Chemistry
35:37 Elite Varangian Guard
36:18 Squires
36:04 Arson
38:13 Elite Berserk
39:49 Masonry
39:44 Siege Engineers
39:11 Capped Ram
41:17 Siege Ram
45:52 Murder Holes
46:30 Architecture
49:02 Onager
53:33 Caravan
58:08 Chieftains
61:48 Coinage
Execute290
1:47 Loom
11:59 Feudal Age
15:38 Castle Age
14:28 Double-Bit Axe
14:27 Horse Collar
25:06 Gold Mining
25:30 Bow Saw
25:22 Heavy Plow
29:41 Imperial Age
28:04 Scale Mail Armor
28:55 Forging
29:51 Chain Mail Armor
30:13 Iron Casting
31:30 Plate Mail Armor
31:38 Wheelbarrow
34:45 Blast Furnace
36:15 Elite Kamayuk
40:37 Fletching
41:09 Ballistics
41:49 Chemistry
43:37 Bodkin Arrow
43:27 Pikeman
44:09 Squires
45:11 Caravan
47:05 Town Watch
47:36 Hand Cart
49:14 Town Patrol
49:42 Bracer
51:46 Fabric Shields
53:23 Murder Holes
54:29 Chemistry
55:26 Halberdier
59:38 Conscription
61:20 Champi Runner
62:08 Champi Runner
63:58 Padded Archer Armor
63:37 Crossbowman
64:22 Thumb Ring
64:11 Arbalester
tttoni18
0:32 Loom
12:06 Feudal Age
16:30 Castle Age
15:00 Double-Bit Axe
16:39 Stone Mining
16:32 Horse Collar
18:10 Bow Saw
18:11 Heavy Plow
20:34 Fletching
23:38 Gold Mining
29:12 Imperial Age
28:10 Gold Shaft Mining
28:28 Hamask
29:57 Wheelbarrow
31:32 Stone Shaft Mining
31:17 Masonry
31:36 Hand Cart
31:07 Town Watch
33:58 Hoardings
34:54 Onager
36:45 Town Patrol
36:15 Siege Onager
37:58 Chemistry
38:26 Conscription
37:56 Northmen's Fury
40:19 Ballistics
40:04 Siege Engineers
41:40 Caravan
42:15 Coinage
42:45 Capped Ram
43:56 Elite Varangian Guard
44:21 Arson
44:37 Squires
44:23 Gambesons
44:07 Siege Ram
45:20 Banking
48:56 Scale Mail Armor
49:06 Forging
48:47 Fletching
51:36 Chain Mail Armor
51:56 Iron Casting
50:45 Elite Jomsviking
51:06 Heavy Scorpion
56:40 Plate Mail Armor
57:10 Blast Furnace
56:06 Bodkin Arrow
JENDRIK
0:33 Loom
13:12 Feudal Age
14:52 Double-Bit Axe
18:38 Castle Age
24:52 Imperial Age
23:05 Horse Collar
23:19 Gold Mining
25:23 Padded Archer Armor
28:08 Wheelbarrow
28:43 Town Watch
30:06 Scale Barding Armor
30:12 Forging
31:38 Bloodlines
30:50 Heavy Camel Rider
34:22 Husbandry
35:31 Hand Cart
35:10 Double-Bit Axe
36:25 Fortified Wall
37:34 Masonry
42:14 Architecture
42:52 Chain Barding Armor
43:07 Iron Casting
46:41 Guard Tower
46:49 Murder Holes
47:15 Ballistics
47:32 Plate Barding Armor
47:58 Blast Furnace
46:49 Fletching
47:31 Caravan
50:15 Keep
51:02 Bombard Tower
51:25 Bow Saw
51:53 Gold Shaft Mining
51:21 Heavy Plow
52:24 Bodkin Arrow
52:45 Leather Archer Armor
56:21 Capped Ram
57:58 Hoardings
57:28 Artillery
58:13 Hoardings
61:40 Two-Man Saw
62:15 Bracer
62:45 Ring Archer Armor
eric05
11:13 Feudal Age
12:40 Double-Bit Axe
12:36 Horse Collar
15:04 Castle Age
16:04 Bow Saw
15:57 Heavy Plow
21:42 Coinage
24:07 Wheelbarrow
24:36 Gold Mining
24:38 Stone Mining
24:57 Scale Barding Armor
25:03 Forging
27:24 Hand Cart
30:25 Imperial Age
27:42 Loom
29:02 Stone Shaft Mining
29:04 Gold Shaft Mining
29:39 Chain Barding Armor
29:55 Iron Casting
30:20 Gold Shaft Mining
32:29 Caravan
32:30 Elite Cataphract
33:21 Logistica
34:01 Plate Barding Armor
34:34 Crop Rotation
35:10 Two-Man Saw
34:49 Banking
34:58 Conscription
34:42 Heavy Camel Rider
35:23 Husbandry
35:48 Fortified Wall
36:39 Chemistry
36:00 Ballistics
35:20 Treadmill Crane
37:51 Fletching
38:59 Bodkin Arrow
42:38 Onager
43:46 Bracer
52:25 Hoardings
Connection lost

Rejoining the realm…

Still unreachable

The connection could not be restored.

Session expired

The server has moved on; the page needs a fresh start.